 Dungeon Crawl Stone Soup version 0.29-a0-11-ga75d3d97ab (webtiles) character file.

Game seed: 17929890891615954352

348 skittles the Skirmisher (level 6, -1/56 HPs)
             Began as a Draconian Monk on Jan 29, 2022.
             Was a Follower of Ru.
             Killed by divine providence
             ... invoked by an orc priest
              (12 damage)
             ... on level 3 of the Dungeon.
             The game lasted 00:05:49 (3201 turns).

skittles the Skirmisher (Draconian Monk)            Turns: 3201, Time: 00:05:49

Health: -1/56      AC:  9    Str: 13 (14) XL:     6   Next: 33%
Magic:  6/6        EV: 13    Int:  7 (10) God:    Ru [*.....]
Gold:   135        SH:  0    Dex: 15      Spells: 5/5 levels left

rFire   . . .      SeeInvis .   m - +0 scythe
rCold   . . .      Faith    .   (shield currently unavailable)
rNeg    . . .      Spirit   .   (armour unavailable)
rPois   .          Reflect  .   (helmet restricted)
rElec   .          Harm     .   (no cloak)
rCorr   .          Rampage  .   b - +2 pair of gloves
Will    .....                   (no boots)
Stlth   ++........              (no amulet)
HPRegen 0.18/turn               (no ring)
MPRegen 0.10/turn               (no ring)

@: no status effects
A: AC +6, unfitting armour, cold-blooded, missing an eye
a: Renounce Religion


You were on level 3 of the Dungeon.
You worshipped Ru.
Ru was aware of your devotion.
You visited 1 branch of the dungeon, and saw 3 of its levels.

You collected 135 gold pieces.

Inventory:

Hand Weapons
 a - a +0 spear
 c - a +0 trident
 g - a +0 hunting sling
 j - a +2 short sword of draining
 k - a +0 dagger of electrocution
 m - a +0 scythe (weapon)
Missiles
 h - 120 stones (quivered)
 o - 2 boomerangs
Armour
 b - a +2 pair of gloves (worn)
Wands
 l - a wand of digging (2)
Scrolls
 d - 2 scrolls of teleportation
 e - a scroll of immolation {unknown}
 i - a scroll of holy word {unknown}
 p - a scroll of blinking {unknown}
 q - a scroll of identify {unknown}
Potions
 f - a potion of degeneration
 n - a potion of curing {unknown}


   Skills:
 + Level 5.3 Fighting
 * Level 5.3 Polearms
 * Level 3.7 Dodging
 - Level 1.7 Stealth


You had 5 spell levels left.
You didn't know any spells.
Your spell library contained the following spells:

 Spells                   Type           Power      Damage    Failure   Level
 Gell's Gravitas          Tloc           0%         N/A       80%         3
 Lesser Beckoning         Tloc           0%         N/A       80%         3
 Teleport Other           Tloc           0%         N/A       80%         3


Dungeon Overview and Level Annotations

Branches:
Dungeon (3/15)

Altars:
Ru
The Shining One


Innate Abilities, Weirdness & Mutations

Your plain brown scales are hard. (AC +6)
You cannot fit into any form of body armour.
You are cold-blooded and may be slowed by cold attacks.
You are missing an eye, making it more difficult to aim.


Message History

The orc priest mumbles some strange prayers to Beogh against you.
Beogh smites you!
You hear some strange, mumbled words.
A magic dart appears from out of thin air!
The magic dart hits you but does no damage.
You miss something.
Your tail-slap misses something.
Something hits you but does no damage. x2
Unknown command.
You barely miss something.
The orc priest invokes the aid of Beogh against you.
Beogh smites you! Something hits you but does no damage.
The orc priest calls down the wrath of Beogh upon you.
You barely resist.
Unknown command.
You miss something.
You hear some strange, mumbled words.
You are confused.
Something hits you but does no damage. The orc priest barely misses you.
Unknown command.
You barely miss the orc priest. Something hits you but does no damage.
The orc priest hits you but does no damage.
Something hits you but does no damage.
Unknown command.
You completely miss something. You tail-slap something.
You redirect the orc priest's attack!
The orc priest hits you but does no damage.
You hear some strange, mumbled words.
A magic dart appears from out of thin air!
The magic dart hits you but does no damage.
The orc priest begins to cast a cantrip, but forgets the words!
You barely miss the orc priest.
You feel less confused. Something hits you.
The orc priest calls down the wrath of Beogh upon you.
Beogh smites you!
* * * LOW HITPOINT WARNING * * *
Something hits you but does no damage.
The orc priest calls down the wrath of Beogh upon you.
Beogh smites you!
You die...

#.....##.###..#### #.....##.#
##.# # #.....##.# #.# # #.
#.....#######.#### .#'#.
#.....'........... ###....
#.....########.###
.......######.#...........
#........# #.#.###.##)###
#......{@###.#.#.#.......
.......o.........#.....##
..#......###.######.#..##
#.#......###......#.##..#
#.#....<.##.))).#.#.#....
#.#......##.###.#+#.#.#..
#########.#..)...##.###..........
#................##.#.'......###.
.................##.#.#########..


You could see an orc priest.

Vanquished Creatures
  Sigmund (D:3)
  A hound (D:3)
  Terence (D:2)
  Ijyb (D:3)
  Robin (D:2)
  4 adders
  2 worms (D:2)
  3 dart slugs
  4 orcs (D:3)
  3 ball pythons
  3 bats
  4 endoplasms (D:2)
  4 giant cockroaches
  11 goblins
  4 hobgoblins
  4 jackals (D:3)
  7 kobolds
  3 frilled lizards
61 creatures vanquished.

Notes
Turn   | Place    | Note
-------+----------+-------------------------------------------
     0 | D:1      | skittles the Draconian Monk began the quest for the Orb.
     0 | D:1      | Reached XP level 1. HP: 19/19 MP: 1/1
   519 | D:1      | Reached XP level 2. HP: 26/26 MP: 2/2
   979 | D:2      | Noticed Terence
  1008 | D:2      | Killed Terence
  1009 | D:2      | Reached XP level 3. HP: 11/33 MP: 3/3
  1372 | D:2      | Reached XP level 4. HP: 41/41 MP: 4/4
  1431 | D:2      | Noticed Robin
  1465 | D:2      | Killed Robin
  2405 | D:3      | Noticed Ijyb
  2427 | D:3      | Killed Ijyb
  2428 | D:3      | Reached XP level 5. HP: 41/47 MP: 5/5
  2463 | D:3      | Noticed Sigmund
  2476 | D:3      | Killed Sigmund
  2477 | D:3      | Reached skill level 5 in Fighting
  2477 | D:3      | Reached skill level 5 in Polearms
  2477 | D:3      | Reached XP level 6. HP: 27/56 MP: 6/6
  2666 | D:3      | Found a glowing golden altar of the Shining One.
  2904 | D:3      | Found a sacrificial altar of Ru.
  3018 | D:3      | Became a worshipper of Ru the Awakened
  3092 | D:3      | Gained mutation: You are missing an eye, making it more
                  | difficult to aim. [Ru sacrifice]
  3092 | D:3      | Reached * piety under Ru
  3201 | D:3      | Killed from afar by an orc priest

Illustrated notes

Levels and vault maps discovered:
D:1:      lightli_arrival_windingriver, layout_loops_ring,
          nicolae_concentric_dashed_squares_wild, patterned_corridor
D:2:      layout_basic, uniq_robin, uniq_terence
D:3:      layout_basic, marbit_many_paths, tso_metal_star,
          amcnicky_altar_gilded, uniq_sigmund, uniq_ijyb, uniq_jessica,
          uniq_crazy_yiuf_cottage

Skill      XL: |  1  2  3  4  5 |
---------------+----------------+-----
Fighting       | 4 5 |  5.3
Polearms       | 4 5 |  5.3
Dodging        | 3 |  3.7
Stealth        | |  1.7

Action                   |  1- 3 |  4- 6 || total
-------------------------+-------+-------++-------
Melee: Spear             |    75 |       ||    75
       Tailslap          |     5 |    20 ||    25
       Punch             |     2 |     3 ||     5
       Trident           |    13 |   121 ||   134
       Scythe            |       |    59 ||    59
Invok: Sacrifice an Eye  |       |     1 ||     1
  Use: Scroll            |     3 |       ||     3
       Potion            |     2 |     4 ||     6
 Stab: Sleeping          |     3 |     7 ||    10
       Distracted        |       |     2 ||     2
Armor: Skin              |    23 |    74 ||    97
Dodge: Dodged            |    48 |   117 ||   165

Table legend: (Time is in decaauts)
 A = Elapsed time spent in this place.
 B = Non-inter-level travel time spent in this place.
 C = Inter-level travel time spent in this place.
 D = Time resting spent in this place.
 E = Time spent auto-exploring this place.
 F = Levels seen in this place.
 G = Mean time per level.
                   A        B        C        D        E       F      G
               +--------+--------+--------+--------+--------+-----+--------+
         Total |   3236 |   3025 |    211 |    439 |   1964 |   3 | 1078.7 |
       Dungeon |   3236 |   3025 |    211 |    439 |   1964 |   3 | 1078.7 |
               +--------+--------+--------+--------+--------+-----+--------+

Top non-repeatable levels by time:
     D:2: 1507 daAuts
     D:3: 905 daAuts
     D:1: 824 daAuts
